 Dungeon Crawl Stone Soup version 0.29-a0-284-gf9362112df (webtiles) character file.

Game seed: 3454559114597688728

18 gzilladon the Chopper (level 2, -2/27 HPs)
             Began as a Hill Orc Monk on Mar 25, 2022.
             Slain by a gnoll
             ... wielding a +0 flail
              (10 damage)
             ... on level 2 of the Dungeon.
             The game lasted 00:06:04 (1424 turns).

gzilladon the Chopper (Hill Orc Monk)               Turns: 1424, Time: 00:06:05

Health: -2/27      AC:  5    Str: 13    XL:     2   Next: 66%
Magic:  2/2        EV: 11    Int: 10    God:
Gold:   33         SH:  0    Dex: 13    Spells: 1/1 levels left

rFire   . . .      SeeInvis .   a - +0 hand axe
rCold   . . .      Faith    .   (no shield)
rNeg    . . .      Spirit   .   j - +0 ring mail
rPois   +          Reflect  .   (no helmet)
rElec   .          Harm     .   (no cloak)
rCorr   .          Rampage  .   (no gloves)
Will    .....                   (no boots)
Stlth   ..........              (no amulet)
HPRegen 0.09/turn               k - ring of poison resistance
MPRegen 0.08/turn               (no ring)

@: confused, ambrosia-drunk
A: no striking features
a: no special abilities


You were on level 2 of the Dungeon.
You visited 1 branch of the dungeon, and saw 2 of its levels.

You collected 33 gold pieces.

Inventory:

Hand Weapons
 a - a +0 hand axe (weapon)
Missiles
 e - 2 poisoned darts (quivered)
 h - 15 stones
Armour
 b - a +0 robe
 j - a +0 ring mail (worn)
Jewellery
 k - a ring of poison resistance (left hand)
Scrolls
 l - a scroll of blinking {unknown}
Potions
 f - a potion of curing
 g - a potion of attraction


   Skills:
 + Level 4.1 Fighting
 + Level 4.3 Axes
 + Level 2.7 Dodging
 + Level 1.6 Stealth


You had one spell level left.
You didn't know any spells.
Your spell library was empty.

Dungeon Overview and Level Annotations

Branches:
Dungeon (2/15)

Altars:


Message History

Found a hand axe.
Found an escape hatch in the ceiling.
A gnoll comes into view. It is wielding a +0 flail.
You see here a +0 hand axe.
The gnoll hits you with a +0 flail! The gnoll hits you but does no damage.
A gnoll comes into view. It is wielding a +0 spear.
You hit the gnoll.
The gnoll is moderately wounded.
You hit the gnoll but do no damage. You hit the gnoll.
The gnoll hits you with a +0 flail.
You hit the gnoll shaman but do no damage.
You barely miss the gnoll. The gnoll closely misses you.
You hit the gnoll shaman but do no damage.
You hit the gnoll. The gnoll hits you but does no damage.
The gnoll shaman barely misses you.
You barely miss the gnoll shaman. You closely miss the gnoll.
The gnoll barely misses you. The gnoll shaman barely misses you.
You hit the gnoll shaman.
The gnoll shaman is lightly wounded.
You hit the gnoll but do no damage. The gnoll hits you but does no damage.
The gnoll shaman calls down the wrath of its god upon you.
You resist with significant effort.
You hit the gnoll shaman.
The gnoll shaman is moderately wounded.
You hit the gnoll but do no damage. The gnoll closely misses you.
The gnoll shaman hits you with a +0 club.
You hit the gnoll shaman.
The gnoll shaman is heavily wounded.
You barely miss the gnoll. The gnoll hits you with a +0 flail!
* * * LOW HITPOINT WARNING * * *
The gnoll shaman calls upon its god to speed up the gnoll.
The gnoll seems to speed up.
You are confused.
You feel invigorated. The gnoll completely misses you.
The gnoll shaman calls upon its god to heal the gnoll.
The gnoll's wounds heal themselves!
The gnoll hits you with a +0 flail.
* * * LOW HITPOINT WARNING * * *
You're too confused to move!
The gnoll shaman closely misses you. The gnoll hits you with a +0 flail!
You die...

## #.
#. #.
#.
#.####
#..g@#
####g#
#
##g#.#
#.g..#
#<#.##
... .#
###.
## #.
..


You could see a gnoll shaman and 3 gnolls.

Vanquished Creatures
  2 dart slugs (D:1)
  A bat (D:1)
  An endoplasm (D:1)
  A giant cockroach (D:1)
  2 goblins (D:1)
  2 hobgoblins (D:1)
  2 frilled lizards (D:1)
  2 rats (D:1)
13 creatures vanquished.

Vanquished Creatures (others)
  3 plants (D:1)
3 creatures vanquished.

Grand Total: 16 creatures vanquished

Notes
Turn   | Place    | Note
-------+----------+-------------------------------------------
     0 | D:1      | gzilladon the Hill Orc Monk began the quest for the Orb.
     0 | D:1      | Reached XP level 1. HP: 19/19 MP: 1/1
   691 | D:1      | Reached XP level 2. HP: 20/27 MP: 2/2
  1305 | D:1      | Found a faded altar of an unknown god.
  1424 | D:2      | Slain by a gnoll

Illustrated notes

Levels and vault maps discovered:
D:1:      shiori_arrival_elements, layout_loops_ring,
          chequers_ecumenical_altar_lobes
D:2:      layout_basic, chequers_serial_rivers_small_b,
          kennysheep_generic_room_11

Skill      XL: |  1  2 |
---------------+-------+-----
Fighting       | 4 |  4.1
Axes           | |  4.3
Dodging        | |  2.7
Stealth        | |  1.6

Action                   || total
-------------------------++-------
Melee: Hand axe          ||    78
       Punch             ||     3
  Use: Scroll            ||     2
       Potion            ||     2
Armor: Robe              ||     2
       Ring mail         ||    20
Dodge: Dodged            ||    37

Table legend: (Time is in decaauts)
 A = Elapsed time spent in this place.
 B = Non-inter-level travel time spent in this place.
 C = Inter-level travel time spent in this place.
 D = Time resting spent in this place.
 E = Time spent auto-exploring this place.
 F = Levels seen in this place.
 G = Mean time per level.
                   A        B        C        D        E       F      G
               +--------+--------+--------+--------+--------+-----+--------+
         Total |   1430 |   1243 |    187 |    418 |      0 |   2 |  715.0 |
       Dungeon |   1430 |   1243 |    187 |    418 |      0 |   2 |  715.0 |
               +--------+--------+--------+--------+--------+-----+--------+

Top non-repeatable levels by time:
     D:1: 1413 daAuts
     D:2: 17 daAuts
